 Dungeon Crawl Stone Soup version 0.29-a0-221-gceb61267dd (webtiles) character file.

Game seed: 8867894327253245169

39 Aksej the Skirmisher (level 3, -1/29 HPs)
             Began as a Demonspawn Monk on Feb 26, 2022.
             Slain by a gnoll
             ... wielding a +0 spear
              (9 damage)
             ... on level 2 of the Dungeon.
             The game lasted 00:01:45 (1410 turns).

Aksej the Skirmisher (Demonspawn Monk)              Turns: 1410, Time: 00:01:45

Health: -1/29      AC:  2    Str: 11    XL:     3   Next: 28%
Magic:  3/3        EV: 10    Int: 11    God:
Gold:   28         SH:  0    Dex: 17    Spells: 2/2 levels left

rFire   . . .      SeeInvis .   a - +0 mace
rCold   . . .      Faith    .   (no shield)
rNeg    . . .      Spirit   .   b - +0 robe
rPois   .          Reflect  .   (helmet restricted)
rElec   .          Harm     .   (no cloak)
rCorr   .          Rampage  .   (no gloves)
Will    .....                   (no boots)
Stlth   ++........              (no amulet)
HPRegen 0.09/turn               (no ring)
MPRegen 0.08/turn               (no ring)

@: constricted
A: antennae 1, powered by pain 1
a: no special abilities


You were on level 2 of the Dungeon.
You visited 1 branch of the dungeon, and saw 2 of its levels.

You collected 28 gold pieces.

Inventory:

Hand Weapons
 a - a +0 mace (weapon)
Armour
 b - a +0 robe (worn)
Scrolls
 d - a scroll of holy word {unknown}
 f - a scroll of vulnerability {unknown}
 g - a scroll of teleportation {unknown}
Potions
 e - a potion of might


   Skills:
 * Level 3.6 Fighting
 + Level 3.1 Maces & Flails
 + Level 3.0 Dodging
 + Level 2.0 Stealth


You had 2 spell levels left.
You didn't know any spells.
Your spell library contained the following spells:

 Spells                   Type           Power      Damage    Failure   Level
 Static Discharge         Conj/Air       0%         N/A       47%         2
 Dispel Undead            Necr           0%         3d6       98%         4
 Sticky Flame             Conj/Fire      0%         2d3       98%         4


Dungeon Overview and Level Annotations

Branches:
Dungeon (2/15)

Altars:


Innate Abilities, Weirdness & Mutations

You have a pair of small antennae on your head.
You sometimes gain a little power by taking damage.


Message History

No target in view!
No target in view!
An adder comes into view.
Found 14 gold pieces.
A gnoll comes into view. It is wielding a +0 spear.
You see here 17 gold pieces.
You closely miss the adder.
The adder hisses angrily.
The adder bites you. x2
The gnoll shouts!
You hit the adder.
The adder is heavily wounded.
The adder bites you. x2
A ball python comes into view.
The ball python hisses angrily.
You hit the adder.
You kill the adder!
Your Dodging skill increases to level 3!
Your Stealth skill increases to level 2!
A gnoll comes into view. It is wielding a +0 whip.
The gnoll barely misses you.
You hit the gnoll.
The gnoll is heavily wounded.
The gnoll hits you with a +0 spear. The ball python misses you.
The ball python barely misses you.
You are too injured to fight recklessly!
You are too injured to fight recklessly!
Unknown command.
You barely miss the gnoll.
The gnoll is heavily wounded.
The gnoll hits you with a +0 spear. The ball python bites you.
The ball python barely misses you. The gnoll completely misses you.
You completely miss the gnoll.
The gnoll is heavily wounded.
The ball python barely misses you. The ball python closely misses you.
The ball python barely misses you. The ball python grabs you.
The ball python constricts you.
* * * LOW HITPOINT WARNING * * *
The gnoll hits you with a +0 spear!
You die...

... ###.####
#..$...# #......#
#......#
#..g...######
#..gS........
#####..@.....?..
.>..............
##..#...$..####
#.#####...#
#..##.....######.#
#..#.###..†.....#
#...######......
#####.#........#..#.
......#.####.......)


You could see 2 gnolls and a ball python.

Vanquished Creatures
  An adder (D:2)
  A gnoll (D:1)
  3 endoplasms (D:1)
  A giant cockroach (D:1)
  5 goblins
  4 bats
  4 frilled lizards
  A kobold (D:1)
  2 rats (D:1)
22 creatures vanquished.

Vanquished Creatures (others)
  7 plants (D:2)
7 creatures vanquished.

Grand Total: 29 creatures vanquished

Notes
Turn   | Place    | Note
-------+----------+-------------------------------------------
     0 | D:1      | Aksej the Demonspawn Monk began the quest for the Orb.
     0 | D:1      | Reached XP level 1. HP: 18/18 MP: 1/1
   251 | D:1      | Gained mutation: You sometimes gain a little power by
                  | taking damage. [demonic ancestry]
   251 | D:1      | Reached XP level 2. HP: 11/24 MP: 2/2
  1324 | D:2      | Discovered your monstrous ancestry.
  1324 | D:2      | Gained mutation: You have a pair of small antennae on your
                  | head. [demonic ancestry]
  1324 | D:2      | Reached XP level 3. HP: 26/29 MP: 3/3
  1410 | D:2      | Slain by a gnoll

Illustrated notes

Levels and vault maps discovered:
D:1:      dpeg_arrival_leaves_temple_mockup, layout_basic, lemuel_old_faithful
D:2:      layout_rooms, nicolae_grassy_gnolls

Skill      XL: |  1  2  3 |
---------------+----------+-----
Maces & Flails | 3 |  3.1
Dodging        | 3 |  3.0
Stealth        | 2 |  2.0
Fighting       | |  3.6

Action                   || total
-------------------------++-------
Melee: Mace              ||    66
       Punch             ||     1
  Use: Scroll            ||     2
 Stab: Sleeping          ||     4
Armor: Robe              ||    20
Dodge: Dodged            ||    67

Table legend: (Time is in decaauts)
 A = Elapsed time spent in this place.
 B = Non-inter-level travel time spent in this place.
 C = Inter-level travel time spent in this place.
 D = Time resting spent in this place.
 E = Time spent auto-exploring this place.
 F = Levels seen in this place.
 G = Mean time per level.
                   A        B        C        D        E       F      G
               +--------+--------+--------+--------+--------+-----+--------+
         Total |   1426 |   1404 |     22 |      0 |   1216 |   2 |  713.0 |
       Dungeon |   1426 |   1404 |     22 |      0 |   1216 |   2 |  713.0 |
               +--------+--------+--------+--------+--------+-----+--------+

Top non-repeatable levels by time:
     D:1: 1322 daAuts
     D:2: 104 daAuts
